 Dungeon Crawl Stone Soup version 0.25.0-11-g1f837a76a1 (webtiles) character file.

Game seed: 18088994354038122533

(classic levelgen) 25 EnegeticOcto the Covered (level 2, -1/27 HPs)
             Began as a Deep Dwarf Fighter on June 27, 2020.
             Slain by an orc priest
             ... wielding a +0 whip of distortion
              (20 damage)
             ... on level 3 of the Dungeon.
             The game lasted 00:00:34 (449 turns).

EnegeticOcto the Covered (Deep Dwarf Fighter)        Turns: 449, Time: 00:00:35

Health: -1/27      AC:  6    Str: 19    XL:     2   Next: 82%
Magic:  1/1        EV:  7    Int:  8    God:
Gold:   30         SH:  9    Dex: 12    Spells: 1/1 levels left

rFire    . . .     SeeInvis .   a - +0 war axe
rCold    . . .     Gourm    .   c - +0 kite shield
rNeg     . . .     Faith    .   b - +0 scale mail
rPois    .         Spirit   .   (no helmet)
rElec    .         Reflect  .   (no cloak)
rCorr    .         Harm     .   (no gloves)
MR       .....                  (no boots)
Stlth    ..........             (no amulet)
HPRegen  0.00/turn              (no ring)
MPRegen  0.07/turn              (no ring)

@: non-regenerating
A: damage resistance, heal wounds, sense surroundings 1, no regeneration
a: Heal Wounds


You were on level 3 of the Dungeon.
You were not hungry.

You visited 1 branch of the dungeon, and saw 3 of its levels.

You collected 30 gold pieces.

Inventory:

Hand Weapons
 a - a +0 war axe (weapon)
Armour
 b - a +0 scale mail (worn)
 c - a +0 kite shield (worn)
Scrolls
 h - a scroll of teleportation {unknown}
Potions
 d - a potion of might {@q3 !q}
 f - a potion of brilliance {unknown}
Comestibles
 e - 3 rations
 g - 2 chunks of flesh


   Skills:
 + Level 2.9 Fighting
 * Level 2.9 Axes
 + Level 3.5 Armour
 + Level 3.5 Shields


You had one spell level left.
You didn't know any spells.
Your spell library was empty.

Dungeon Overview and Level Annotations

Branches:
Dungeon (3/15)

Altars:


Innate Abilities, Weirdness & Mutations

You are resistant to damage.
You can heal yourself by infusing magical energy.
You passively map a small area around you.
You do not regenerate.


Message History

You closely miss the bat. The bat barely misses you.
You block the orc's attack.
You barely miss the orc priest. You completely miss the orc.
You block the orc's attack. You block the orc priest's attack.
You slash the orc priest!
The orc priest is severely wounded.
Your shield and scale mail prevent you from hitting the orc.
You slash the orc priest! You block the orc's attack.
The orc priest calls down the wrath of Beogh upon you.
Beogh smites you!
Ouch! That really hurt!
The orc priest hits you but does no damage.
You are too injured to fight recklessly!
You are too injured to fight recklessly!
You are too injured to fight recklessly!
You are too injured to fight recklessly!
You are too injured to fight recklessly!
You are too injured to fight recklessly!
You are too injured to fight recklessly!
You are too injured to fight recklessly!
You are too injured to fight recklessly!
You are too injured to fight recklessly!
You are too injured to fight recklessly!
You are too injured to fight recklessly!
You are too injured to fight recklessly!
You are too injured to fight recklessly!
You are too injured to fight recklessly!
The orc priest calls upon Beogh to heal the orc priest.
The orc priest is healed somewhat.
The orc hits you with a +0 whip.
Your magical essence is drained by the effort!
You feel much better.
The orc priest hits you with a +0 whip of distortion.
Space bends around you. You block the orc's attack.
You hit the orc priest but do no damage.
The orc priest is moderately wounded.
The orc priest hits you but does no damage.
Space bends around you.
You hit the orc.
The orc is heavily wounded.
You fail to use your ability.
The orc barely misses you.
You feel much better. The orc hits you but does no damage.
You hit the orc but do no damage.
The orc is heavily wounded.
You are no longer poisoned.
The orc hits you but does no damage.
The orc priest calls upon Beogh to heal the orc.
The orc's wounds heal themselves!
You block the orc's attack.
You closely miss the orc.
The orc priest calls down the wrath of Beogh upon you.
Beogh smites you! The orc hits you with a +0 whip.
The orc priest mumbles some strange prayers to Beogh against you.
Beogh smites you!
You are too injured to fight recklessly!
You are too injured to fight recklessly!
You are too injured to fight recklessly!
You are too injured to fight recklessly!
You are too injured to fight recklessly!
You are too injured to fight recklessly!
You are too injured to fight recklessly!
You are too injured to fight recklessly!
You are too injured to fight recklessly!
You are too injured to fight recklessly!
You are too injured to fight recklessly!
You are too injured to fight recklessly!
You are too injured to fight recklessly!
You are too injured to fight recklessly!
You are too injured to fight recklessly!
You feel much better. You block the orc's attack.
The orc priest invokes the aid of Beogh against you.
Beogh smites you!
Ouch! That really hurt!
You feel much better. The orc hits you but does no damage.
Your scale mail prevents you from hitting the orc.
The orc hits you with a +0 whip. You block the orc's attack.
You hit the orc but do no damage. The orc hits you but does no damage.
You closely miss the orc. The orc hits you but does no damage.
The orc priest calls upon Beogh to heal the orc priest.
The orc priest's wounds heal themselves!
You hit the orc.
The orc is moderately wounded.
The orc hits you with a +0 whip. The orc barely misses you.
You slash the orc!
You kill the orc!
The bat hits you but does no damage. x2
You barely miss the bat. The bat closely misses you. x2
The bat barely misses you.
You closely miss the bat. You block the bat's attack.
The bat hits you but does no damage.
The orc priest invokes the aid of Beogh against you.
Pain shoots through your body!
Your scale mail prevents you from hitting the orc priest.
The orc priest hits you with a +0 whip of distortion.
Space bends around you.
You hit the orc priest but do no damage.
You block the orc priest's attack.
The orc priest hits you with a +0 whip of distortion.
Space warps horribly around you!!
Ouch! That really hurt!
You die...

, * . , . * .# * *
. * #######..# . #.
#...#...# , * ..#.#
* ####.....#** ,
...... #......### *
......####.##<..# ,
*..#....bo@.##...#
*#......o####.รท..#
#....>.?..##..###
#...#...#.....#***
* * ...............
* #.......###.#(.,
, ..##..>.. ...##.
. *#......?..# # *
* #.#.......#


You could see 2 orc priests and a bat.

Vanquished Creatures
  An adder (D:3)
  An orc (D:3)
  A bat (D:2)
  A goblin (D:2)
  4 hobgoblins
  3 jackals (D:2)
  A frilled lizard (D:2)
  A kobold (D:1)
13 creatures vanquished.

Notes
Turn   | Place    | Note
-------+----------+-------------------------------------------
     0 | D:1      | EnegeticOcto the Deep Dwarf Fighter began the quest for the
                  | Orb.
     0 | D:1      | Reached XP level 1. HP: 20/20 MP: 1/1
   141 | D:2      | Reached XP level 2. HP: 24/27 MP: 2/2
   431 | D:3      | Your magical essence is drained by the effort!
   449 | D:3      | Slain by an orc priest

Illustrated notes

Levels and vault maps discovered:
D:1:      saegor_arrival_under_anarchy, layout_basic
D:2:      layout_basic, first_ration
D:3:      layout_rooms, grunt_ministairs_1, kennysheep_generic_room_15

Action                   || total
-------------------------++-------
Melee: War axe           ||    69
 Abil: Heal Wounds       ||     5
Armor: Scale mail        ||    31
Dodge: Dodged            ||    24
Block: Kite shield       ||    48
